 Dungeon Crawl Stone Soup version 0.21.1-1-g345015f (webtiles) character file.

163 suicidejoker the Shooter (level 5, 0/45 HPs)
             Began as a Minotaur Hunter on Mar 25, 2018.
             Slain by Natasha (8 damage)
             ... on level 3 of the Dungeon.
             The game lasted 00:07:37 (2681 turns).

suicidejoker the Shooter (Minotaur Hunter)          Turns: 2681, Time: 00:07:38

Health: 0/45       AC:  6    Str: 16    XL:     5   Next: 20%
Magic:  4/4        EV: 10    Int:  8    God:
Gold:   129        SH:  3    Dex: 12    Spells: 4/4 levels left

rFire    . . .     SeeInvis .   h - -3 dagger (curse)
rCold    + . .     Gourm    .   p - +0 buckler
rNeg     . . .     Faith    .   l - +0 scale mail
rPois    .         Spirit   .   (helmet restricted)
rElec    .         Reflect  .   (no cloak)
rCorr    .         Harm     .   (no gloves)
MR       .....                  (no boots)
Stlth    ..........             (no amulet)
HPRegen  0.15/turn              i - ring of protection from cold
MPRegen  0.09/turn              (no ring)

@: no status effects
A: retaliatory headbutt, horns 2
a: no special abilities


You were on level 3 of the Dungeon.
You were hungry.

You visited 1 branch of the dungeon, and saw 4 of its levels.

You collected 129 gold pieces.

Inventory:

Hand Weapons
 a - a +1 shortbow
 b - a +0 short sword
 h - a cursed -3 dagger (weapon)
 q - a +0 war axe
Missiles
 c - 6 javelins (quivered)
 d - 54 arrows
 m - 19 bolts
Armour
 l - a +0 scale mail (worn)
 p - a +0 buckler (worn)
Jewellery
 i - a ring of protection from cold (left hand)
Scrolls
 n - a scroll of identify
 o - 2 scrolls of teleportation
Potions
 g - 3 potions of brilliance
Comestibles
 f - 5 rations


   Skills:
 + Level 3.2 Fighting
 + Level 1.1 Axes
 * Level 5.3 Bows
 + Level 2.3 Armour
 + Level 3.1 Dodging
 + Level 1.8 Stealth


You had 4 spell levels left.
You didn't know any spells.

Dungeon Overview and Level Annotations

Branches:
Dungeon (4/15)
 Temple: D:4-7

Altars:
Dithmenos
Sif Muna
The Shining One

Annotations:
D:3 Natasha


Innate Abilities, Weirdness & Mutations

You reflexively headbutt those who attack you in melee.
You have a pair of horns on your head.


Message History

You barely miss Natasha.
Natasha is heavily wounded.
The shadow imp barely misses you. Natasha closely misses you.
You miss Natasha.
Natasha is heavily wounded.
The shadow imp hits you.
* * * LOW HITPOINT WARNING * * *
Natasha barely misses you.
It was a potion of magic.
Magic courses through your body. You block the shadow imp's attack.
Natasha completely misses you.
You completely miss Natasha.
Natasha is heavily wounded.
The shadow imp closely misses you. Natasha completely misses you.
You hit Natasha but do no damage.
Natasha is heavily wounded.
The shadow imp gestures at you. Pain shoots through your body!
* * * LOW HITPOINT WARNING * * *
Natasha claws you!
You die...

#################
#...............#
#################...............#
................'................
#################...............#
.....##############...........###
...............5@h'............##
.##..##############..............
.##..# #.....................
.....# #.........#########...
...#.# #.........# #... .#.#.#
#.........# ##'# <#.#.#
#...>.....# #.# .#.#.#
########### #.# ...#.#
##############.#


You could see Natasha and a shadow imp.

Vanquished Creatures
  Jessica (D:3)
  Natasha (D:3)
  5 adders
  A white imp (D:3)
  A worm (D:3)
  2 dart slugs
  A leopard gecko (D:1)
  2 orcs (D:3)
  8 bats
  6 giant cockroaches
  4 hobgoblins
  7 jackals (D:3)
  3 frilled lizards
  3 goblins
  A hobgoblin zombie (D:4)
  6 kobolds
  A rat (D:2)
53 creatures vanquished.

Notes
Turn   | Place    | Note
-------+----------+-------------------------------------------
     0 | D:1      | suicidejoker the Minotaur Hunter began the quest for the Orb.
     0 | D:1      | Reached XP level 1. HP: 18/18 MP: 0/0
   131 | D:1      | Reached skill level 1 in Stealth
   138 | D:1      | Reached XP level 2. HP: 25/25 MP: 1/1
   252 | D:1      | Reached skill level 1 in Armour
   773 | D:2      | Reached XP level 3. HP: 30/30 MP: 2/2
   783 | D:2      | Found a shadowy altar of Dithmenos.
  1002 | D:2      | Found a deep blue altar of Sif Muna.
  1425 | D:3      | Reached skill level 5 in Bows
  1510 | D:3      | Noticed Natasha
  1523 | D:3      | Killed Natasha
  1523 | D:3      | Reached XP level 4. HP: 11/38 MP: 3/3
  1946 | D:3      | Noticed Jessica
  1951 | D:4      | Noticed an ogre
  1964 | D:3      | Killed Jessica
  2178 | D:3      | Reached XP level 5. HP: 45/45 MP: 4/4
  2397 | D:4      | Reached skill level 1 in Axes
  2407 | D:4      | Found a glowing golden altar of the Shining One.
  2665 | D:3      | Noticed Natasha
  2681 | D:3      | Slain by Natasha

Skill      XL: |  1  2  3  4  5 |
---------------+----------------+-----
Stealth        | 1 |  1.8
Armour         | 1 2 |  2.3
Fighting       | 3 |  3.2
Bows           | 5 |  5.3
Dodging        | 3 |  3.1
Axes           | 1 |  1.1

Action                   |  1- 3 |  4- 6 || total
-------------------------+-------+-------++-------
Melee: Dagger            |   119 |    90 ||   209
       Headbutt          |    19 |    15 ||    34
 Fire: Shortbow          |    11 |       ||    11
  Use: Scroll            |     5 |       ||     5
       Potion            |     4 |     1 ||     5
 Stab: Sleeping          |     1 |       ||     1
  Eat: Chunk             |     2 |     3 ||     5
Armor: Leather armour    |     7 |       ||     7
       Scale mail        |    44 |    44 ||    88
Dodge: Dodged            |    81 |    45 ||   126
Block: Buckler           |     4 |    16 ||    20
